 Dungeon Crawl Stone Soup version 0.31-a0-978-g1e143483b6 (webtiles) character file.

Game seed: 3685770179688172255

168 MacCMillion the Chopper (level 5, -5/45 HPs)
             Began as a Ghoul Fighter on Oct 30, 2023.
             Slain by Natasha (7 damage)
             ... on level 3 of the Dungeon.
             The game lasted 00:02:44 (2604 turns).

MacCMillion the Chopper (Ghoul Fighter)             Turns: 2604, Time: 00:02:45

Health: -5/45      AC: 12    Str: 22    XL:     5   Next: 48%
Magic:  4/4        EV:  6    Int:  3    God:
Gold:   148        SH:  4    Dex:  8    Spells: 4/4 levels left

rFire   . . .        a - +0 war axe
rCold   + . .        c - +0 buckler
rNeg    + + +        q - +0 plate armour
rPois   ∞            (no helmet)
rElec   .            (no cloak)
rCorr   .            (no gloves)
SInv    .            b - +0 pair of boots
Will    .....        (no amulet) Stlth
                     (no ring)
HPRegen 0.00/turn    (no ring)
MPRegen 0.09/turn

%: no passive effects
@: inhibited regen
A: claws 1, cold resistance 1, negative energy resistance 3, inhibited
regeneration, torment resistance 2, devour on kill
a: no special abilities


You were on level 3 of the Dungeon.
You visited 1 branch of the dungeon, and saw 3 of its levels.

You collected 148 gold pieces.

Inventory:

Hand Weapons
 a - a +0 war axe (weapon)
Missiles
 r - 2 poisoned darts
Armour
 b - a +0 pair of boots (worn)
 c - a +0 buckler (worn)
 q - a +0 plate armour (worn)
Scrolls
 e - 3 scrolls of teleportation {unknown}
 f - 2 scrolls of identify {unknown}
 o - a scroll of noise {unknown}
 p - a scroll of brand weapon {unknown}
 t - 2 scrolls of vulnerability {unknown}
 u - a scroll of torment {unknown}
Potions
 d - 4 potions of might
 g - 2 potions of invisibility {unknown}
 h - a potion of resistance {unknown}
 i - a potion of cancellation {unknown}
 j - a potion of mutation {unknown}
 k - 4 potions of curing {unknown}
 l - 2 potions of brilliance {unknown}
 m - 2 potions of heal wounds {unknown}
 n - a potion of enlightenment {unknown}
 s - a potion of magic {unknown}


   Skills:
 - Level 3.2 Fighting
 + Level 4.1 Axes
 - Level 2.6 Armour
 - Level 4.0 Shields


You had 4 spell levels left.
You didn't know any spells.
Your spell library contained the following spells:

 Spells                   Type           Power      Damage    Failure   Level
 Magic Dart               Conj           0%         1d3       100%        1
 Poisonous Vapours        Pois/Air       0%         N/A       100%        2
 Searing Ray              Conj           0%         2d4       100%        2
 Mephitic Cloud           Conj/Pois/Air  0%         N/A       100%        3
 Fulminant Prism          Conj/Hex       0%         3d5       100%        4
 Freezing Cloud           Conj/Ice/Air   0%         6-21      100%        5


Dungeon Overview and Level Annotations

Branches:
Dungeon (3/15)

Altars:
Hepliaklqana

Annotations:
D:3 Natasha


Innate Abilities, Weirdness & Mutations

You are immune to poison.
You have sharp fingernails.
Your flesh is cold resistant. (rC+)
You are immune to negative energy. (rN+++)
You do not regenerate when monsters are visible.
You are immune to unholy pain and torment.
You thrive by killing the living.


Message History

Natasha claws you.
* * * LOW HITPOINT WARNING * * *
The cerulean imp hits you with a +1 spear.
* * * LOW HITPOINT WARNING * * *
You miss Natasha.
Natasha is heavily wounded.
You miss the cerulean imp.
The cerulean imp hits you but does no damage.
You block Natasha's attack.
The cerulean imp hits you but does no damage.
You closely miss Natasha.
Natasha is heavily wounded.
You closely miss the cerulean imp. You block the cerulean imp's attack.
Natasha claws you.
* * * LOW HITPOINT WARNING * * *
The cerulean imp hits you but does no damage.
You block the cerulean imp's attack. Natasha claws you but does no damage.
You closely miss Natasha.
Natasha is heavily wounded.
You miss the cerulean imp. You block the cerulean imp's attack.
The cerulean imp hits you but does no damage.
Natasha claws you but does no damage.
The cerulean imp hits you but does no damage.
You barely miss Natasha.
Natasha is heavily wounded.
You hit the cerulean imp but do no damage.
The cerulean imp hits you but does no damage.
Natasha stares at you and mumbles some strange words.
The magic dart hits you.
* * * LOW HITPOINT WARNING * * *
The cerulean imp hits you but does no damage.
You closely miss Natasha.
Natasha is heavily wounded.
You hit the cerulean imp.
The cerulean imp hits you but does no damage.
You block Natasha's attack.
The cerulean imp hits you but does no damage. x2
Natasha claws you!
You die...
Natasha begins licking her fur clean.

##.##########
#...55h@5...#
...########.#
#.# #.# #.#
#.# #######.#
##.....#.#
###..###...#


You could see Natasha and 3 cerulean imps.

Vanquished Creatures
  An orc wizard (D:3)
  Robin (D:2)
  6 adders
  4 orcs (D:3)
  3 ball pythons
  2 bats
  5 endoplasms
  2 giant cockroaches
  13 goblins
  10 hobgoblins
  3 jackals (D:1)
  3 quokkas
  7 kobolds
  9 rats
69 creatures vanquished.

Notes
Turn   | Place    | Note
-------+----------+-------------------------------------------
     0 | D:1      | MacCMillion the Ghoul Fighter began the quest for the Orb.
     0 | D:1      | Reached XP level 1. HP: 19/19 MP: 0/0
   176 | D:1      | Found a faded altar of an unknown god.
   281 | D:1      | Reached XP level 2. HP: 24/26 MP: 1/1
   733 | D:1      | Reached XP level 3. HP: 25/31 MP: 2/2
  1117 | D:2      | Reached XP level 4. HP: 38/38 MP: 3/3
  1240 | D:2      | Found a hazy altar of Hepliaklqana.
  1812 | D:3      | Noticed Robin
  1935 | D:2      | Killed Robin
  1991 | D:3      | Reached XP level 5. HP: 45/45 MP: 4/4
  2585 | D:3      | Noticed Natasha
  2603 | D:3      | HP: 2/45 [Natasha/magic dart (4)]
  2604 | D:3      | Slain by Natasha

Illustrated notes

Levels and vault maps discovered:
D:1:      tarquinn_simple_flora_water_f, layout_basic,
          chequers_ecumenical_altar_lobes
D:2:      minmay_wonky_spiral, layout_basic, basic_altar, serial_rivers,
          chequers_serial_rivers_micro_b, chequers_serial_rivers_large_a,
          chequers_serial_rivers_micro_a, chequers_serial_rivers_marsh,
          chequers_serial_rivers_micro_b, chequers_serial_rivers_small_b
D:3:      minmay_skewed_foursquare, layout_loops_ring, moated_statue,
          serial_bayou_lagoon_a, uniq_natasha, uniq_terence, uniq_robin

Skill      XL: |  1  2  3  4  5 |
---------------+----------------+-----
Axes           | 2 3 4 |  4.1
Shields        | 3 4 |  4.0
Fighting       | |  3.2
Armour         | |  2.6

Action                     |  1- 3 |  4- 6 || total
---------------------------+-------+-------++-------
  Melee: War axe           |   100 |   124 ||   224
 Armour: Scale mail        |    57 |       ||    57
         Chain mail        |     3 |     5 ||     8
         Plate armour      |       |   133 ||   133
  Dodge: Dodged            |    53 |    31 ||    84
  Block: Buckler           |    25 |    26 ||    51

Table legend: (Time is in decaauts)
 A = Elapsed time spent in this place.
 B = Non-inter-level travel time spent in this place.
 C = Inter-level travel time spent in this place.
 D = Time resting spent in this place.
 E = Time spent auto-exploring this place.
 F = Levels seen in this place.
 G = Mean time per level.
                   A        B        C        D        E       F      G
               +--------+--------+--------+--------+--------+-----+--------+
         Total |   2716 |   2608 |    108 |    104 |   1932 |   3 |  905.3 |
       Dungeon |   2716 |   2608 |    108 |    104 |   1932 |   3 |  905.3 |
               +--------+--------+--------+--------+--------+-----+--------+

Top non-repeatable levels by time:
     D:2: 1069 daAuts
     D:1: 917 daAuts
     D:3: 729 daAuts
